 Dungeon Crawl Stone Soup version 0.22.1-6-g1668fe2 (webtiles) character file.

350 Harpaggios the Skirmisher (level 6, 0/73 HPs)
             Began as an Ogre Berserker on Jan 23, 2019.
             Was a Believer of Trog.
             Slain by a sky beast (6 damage)
             ... on level 3 of the Dungeon.
             The game lasted 00:09:08 (2635 turns).

Harpaggios the Skirmisher (Ogre Berserker)          Turns: 2635, Time: 00:09:11

Health: 0/73       AC:  5    Str: 24    XL:     6   Next: 61%
Magic:  6/6        EV: 11    Int:  6    God:    Trog [**....]
Gold:   106        SH:  0    Dex:  8    Spells: 5/5 levels left

rFire    . . .     SeeInvis .   a - +0 mace
rCold    . . .     Gourm    +   (no shield)
rNeg     . . .     Faith    .   b - +0 animal skin
rPois    .         Spirit   .   (helmet restricted)
rElec    .         Reflect  .   (no cloak)
rCorr    .         Harm     .   (gloves unavailable)
MR       .....                  (boots unavailable)
Stlth    +.........             j - amulet of the gourmand
HPRegen  0.22/turn              (no ring)
MPRegen  0.10/turn              (no ring)

@: no status effects
A: large, unfitting armour, icy blue scales 1, dopey 1, robust 1, tough skin 1,
no potion heal 1
a: Berserk, Trog's Hand, Renounce Religion


You were on level 3 of the Dungeon.
You worshipped Trog.
Trog was pleased with you.
You were very full.

You visited 1 branch of the dungeon, and saw 3 of its levels.

You collected 106 gold pieces.

Inventory:

Hand Weapons
 a - a +0 mace (weapon)
Armour
 b - a +0 animal skin (worn)
 o - a +0 helmet
Jewellery
 j - an amulet of the gourmand (around neck)
Scrolls
 d - 3 scrolls of blinking
 f - a scroll of fear {unknown}
 g - 2 scrolls of identify
 h - 2 scrolls of enchant weapon {unknown}
 k - a scroll of amnesia {unknown}
 l - a scroll of remove curse
Potions
 i - a potion of lignification {unknown}
 m - a potion of agility {unknown}
 n - a potion of flight {unknown}
 p - a potion of magic {unknown}
 q - a potion of haste {unknown}
 r - a potion of curing {unknown}
Comestibles
 c - 2 rations


   Skills:
 + Level 5.8 Fighting
 * Level 5.0 Maces & Flails
 + Level 4.0 Dodging


You had 5 spell levels left.
You didn't know any spells.
Your spell library was empty.

Dungeon Overview and Level Annotations

Branches:
Dungeon (3/15)

Altars:
Cheibriados
Gozag
Yredelemnul
The Shining One


Innate Abilities, Weirdness & Mutations

You are too large for most types of armour.
You have tough skin. (AC +1)
You are partially covered in icy blue scales. (AC +2)
You are dopey. (Int -2)
You are robust. (+10% HP)
Potions are less effective at restoring your health.


Message History

The sky beast shocks you.
* * * LOW HITPOINT WARNING * * *
The sky beast hits you but does no damage.
It was a potion of mutation.
You feel extremely strange.
Your system partially rejects the healing effects of potions.
You feel stupid.
Icy blue scales grow over part of your body.
You feel robust. The sky beast hits you.
* * * LOW HITPOINT WARNING * * *
The sky beast shocks you.
* * * LOW HITPOINT WARNING * * *
As you read the scroll labeled UTORUTYNARPH, it crumbles to dust.
You feel blessed for a moment.
It was a scroll of remove curse.
The sky beast flickers out of sight!
Deactivating autopickup; reactivate with Ctrl-A.
Something hits you.
* * * LOW HITPOINT WARNING * * *
Something shocks you.
You die...

....##.....#.#.####.#.########
.{......_......# #.#.........
...#.#.....##.# #.#.########
#..#.##....##.# #.#.#
##.#.......##.###.#.#
#{####.#####.....#.# #......#
#######.# ######.###########.#
#...{@........#
###############


There were no monsters in sight!

Vanquished Creatures
  Sigmund (D:2)
  A centaur zombie (D:2)
  A jelly (D:3)
  Robin (D:2)
  5 adders
  An ooze (D:2)
  A worm (D:2)
  2 dart slugs
  A leopard gecko (D:1)
  3 orcs (D:3)
  2 ball pythons (D:2)
  2 giant cockroaches
  16 goblins
  7 hobgoblins
  2 jackals (D:3)
  5 kobolds (D:2)
  A quokka (D:2)
  6 bats
  A frilled lizard (D:2)
  2 rats
61 creatures vanquished.

Notes
Turn   | Place    | Note
-------+----------+-------------------------------------------
     0 | D:1      | Harpaggios the Ogre Berserker began the quest for the Orb.
     0 | D:1      | Reached XP level 1. HP: 24/24 MP: 1/1
   205 | D:1      | Reached XP level 2. HP: 28/32 MP: 2/2
   284 | D:1      | Found a snail-covered altar of Cheibriados.
   729 | D:2      | Reached XP level 3. HP: 35/40 MP: 3/3
   768 | D:2      | Noticed Sigmund
   782 | D:2      | Killed Sigmund
   782 | D:2      | Reached skill level 5 in Fighting
   782 | D:2      | Reached XP level 4. HP: 50/50 MP: 4/4
   782 | D:2      | Reached XP level 5. HP: 57/57 MP: 5/5
  1335 | D:2      | Reached ** piety under Trog
  1335 | D:2      | Reached XP level 6. HP: 12/66 MP: 6/6
  1413 | D:2      | Noticed Robin
  1419 | D:2      | Found a basalt altar of Yredelemnul.
  1428 | D:2      | Killed Robin
  2331 | D:3      | Found a glowing golden altar of the Shining One.
  2486 | D:3      | Reached skill level 5 in Maces & Flails
  2564 | D:3      | Found an opulent altar of Gozag.
  2612 | D:3      | Noticed a sky beast
  2634 | D:3      | Gained mutation: Potions are less effective at restoring
                  | your health. [potion of mutation]
  2634 | D:3      | Gained mutation: You are dopey. (Int -2) [potion of
                  | mutation]
  2634 | D:3      | Gained mutation: You are partially covered in icy blue
                  | scales. (AC +2) [potion of mutation]
  2634 | D:3      | Gained mutation: You are robust. (+10% HP) [potion of
                  | mutation]
  2635 | D:3      | Slain by a sky beast

Skill      XL: |  1  2  3  4  5  6 |
---------------+-------------------+-----
Maces & Flails | 3 4 5 |  5.0
Dodging        | 3 4 |  4.0
Fighting       | 5 |  5.8

Action                   |  1- 3 |  4- 6 || total
-------------------------+-------+-------++-------
Melee: Mace              |    62 |   162 ||   224
Invok: Berserk           |     1 |     3 ||     4
       Trog's Hand       |       |     1 ||     1
  Use: Scroll            |       |     3 ||     3
       Potion            |       |     1 ||     1
  Eat: Chunk             |       |    19 ||    19
Armor: Animal skin       |    20 |    51 ||    71
Dodge: Dodged            |    47 |    77 ||   124
